 Dungeon Crawl Stone Soup version 0.19.4-9-g45fd643 (webtiles) character file.

33 volk64 the Skirmisher (level 3, 0/21 HPs)
             Began as a Felid Wanderer on Feb 22, 2017.
             Slain by a quokka (4 damage)
             ... on level 2 of the Dungeon.
             The game lasted 00:02:44 (896 turns).

volk64 the Skirmisher (Felid Wanderer)               Turns: 896, Time: 00:02:44

Health: 0/21       AC:  1    Str:  6    XL:     3   Next: 12%
Magic:  3/3        EV: 15    Int: 14    God:
Gold:   64         SH:  0    Dex: 17    Spells: 0 memorised, 2 levels left
                                        Lives:  0   Deaths: 0

rFire  . . .     SeeInvis +       - Unarmed
rCold  . . .     Gourm    .     (armour unavailable)
rNeg   . . .     Faith    .     (shield unavailable)
rPois  .         Spirit   .     (helmet unavailable)
rElec  .         Reflect  .     (cloak unavailable)
rCorr  .         Harm     .     (gloves unavailable)
MR     .....                    (boots unavailable)
Stlth  +++.......               (no amulet)
                                (no ring)
                                (no ring)

@: quick
A: no armour, no weapons or thrown items, stealth, claws 1, fangs 3, see
invisible, carnivore 3, speed 1, low mp 1, shaggy fur 1, slow metabolism 1, wild
magic 1, sharp paws
a: no special abilities


You were on level 2 of the Dungeon.
You were completely stuffed.

You visited 1 branch of the dungeon, and saw 2 of its levels.

You collected 64 gold pieces.

Inventory:

Scrolls
 c - a scroll of teleportation
 e - 2 scrolls of identify {unknown}
 j - 3 scrolls of enchant weapon {unknown}
 k - a scroll of recharging {unknown}
Potions
 a - 2 potions of haste
 b - a potion of lignification
 f - a potion of berserk rage {unknown}
Comestibles
 d - a meat ration
 g - a beef jerky
 h - 5 chunks of flesh


   Skills:
 + Level 6.4 Fighting
 + Level 0.3 Dodging
 + Level 4.3 Stealth
 + Level 1.5 Unarmed Combat


You had 2 spell levels left.
You didn't know any spells.

Dungeon Overview and Level Annotations

Branches:
Dungeon (2/15)

Altars:


Innate Abilities, Weirdness & Mutations

You cannot wear armour.
You are incapable of wielding weapons or throwing items.
Your paws allow you to move quietly. (Stealth)
You have sharp claws.
You have razor-sharp teeth.
You have supernaturally acute eyesight. (SInv)
You are carnivorous and can eat meat at any time.
You cover ground quickly.
You are covered in fur. (AC +1)
You have a slow metabolism.
Your sharp claws are effective at attacking unaware monsters.
Your magical capacity is low. (-10% MP)
Your spells are a little harder to cast, but a little more powerful.


Message History

The worm is moderately wounded.
The worm misses you.
You scratch the worm.
The worm is heavily wounded.
You scratch the worm.
The worm is severely wounded.
The worm closely misses you.
You scratch the worm but do no damage.
The worm is heavily wounded.
The quokka bites you.
* * * LOW HITPOINT WARNING * * *
The worm misses you.
You are too injured to fight recklessly!
You scratch the worm but do no damage.
The worm is heavily wounded.
The quokka barely misses you.
You scratch the worm. You bite the worm.
The worm is almost dead.
The quokka bites you.
You die...

#########.#.#.
############.........#.#.
#..........'>............
#.##########.........#.##
#.# ###########'#+## #.#
....# #.....# #.# ##....#
#.....# #.# #.(...#
#.....# #.######@w...#
#.....' #.......r....#
#.....# ########......#
##+#### #......# #......#
#......# .......#
.......# ..##+##


You could see a worm and a quokka.

Vanquished Creatures
  A worm (D:2)
  A dart slug (D:1)
  6 bats
  A giant cockroach (D:2)
  3 goblins (D:1)
  6 hobgoblins (D:1)
  A frilled lizard (D:1)
  4 kobolds (D:1)
  3 rats
26 creatures vanquished.

Notes
Turn   | Place    | Note
-------+----------+-------------------------------------------
     0 | D:1      | volk64 the Felid Wanderer began the quest for the Orb.
     0 | D:1      | volk64 set off with: a potion of haste, a potion of lignification, a scroll of teleportation, a meat ration
     0 | D:1      | Reached XP level 1. HP: 13/13 MP: 2/2
   219 | D:1      | Reached XP level 2. HP: 13/16 MP: 3/3
   631 | D:1      | Gained mutation: Your magical capacity is low. (-10% MP) [potion of mutation]
   631 | D:1      | Gained mutation: Your spells are a little harder to cast, but a little more powerful. [potion of mutation]
   820 | D:2      | Reached XP level 3. HP: 20/21 MP: 3/3
   896 | D:2      | Slain by a quokka

Action                   || total
-------------------------++-------
Melee: Unarmed           ||    70
       Bite              ||     8
  Use: Potion            ||     3
 Stab: Sleeping          ||    12
  Eat: Chunk             ||     7
Armor: Skin              ||     5
Dodge: Dodged            ||    53
